 Dungeon Crawl Stone Soup version 0.28-a0-8-g6e044cfa68 (webtiles) character file.

Game seed: 9836441279347712254

105 Wyvernaa the Shield-Bearer (level 4, 0/24 HPs)
             Began as a Vine Stalker Fighter on July 23, 2021.
             Slain by Sigmund (2 damage)
             ... on level 3 of the Dungeon.
             The game lasted 00:05:54 (2080 turns).

Wyvernaa the Shield-Bearer (Vine Stalker Fighter)   Turns: 2080, Time: 00:05:56

Health: 0/24       AC:  9    Str: 20    XL:     4   Next: 81%
Magic:  0/5        EV:  7    Int:  8    God:
Gold:   74         SH:  9    Dex: 13    Spells: 3/3 levels left

rFire   . . .      SeeInvis .   a - +0 rapier
rCold   . . .      Faith    .   c - +0 kite shield
rNeg    . . .      Spirit   +   b - +0 scale mail
rPois   .          Reflect  .   (no helmet)
rElec   .          Harm     .   (no cloak)
rCorr   .          Rampage  .   e - +2 pair of gloves {archery}
Will    .....                   (no boots)
Stlth   ..........              (no amulet)
HPRegen 1.08/turn               (no ring)
MPRegen 0.09/turn               (no ring)

@: mighty
A: fangs 2, regeneration 1, magic shield, antimagic bite, no potion heal 2
a: no special abilities


You were on level 3 of the Dungeon.
You visited 1 branch of the dungeon, and saw 3 of its levels.

You collected 74 gold pieces.

Inventory:

Hand Weapons
 a - a +0 rapier (weapon)
Armour
 b - a +0 scale mail (worn)
 c - a +0 kite shield (worn)
 e - a +2 pair of gloves of archery (worn)
Jewellery
 l - a +6 ring of dexterity
Scrolls
 f - a scroll of teleportation
Potions
 g - 2 potions of brilliance {unknown}
 h - a potion of lignification {unknown}
 k - a potion of invisibility {unknown}


   Skills:
 + Level 3.1 Fighting
 * Level 2.7 Short Blades
 + Level 2.9 Armour
 + Level 0.1 Dodging
 * Level 3.5 Shields
 * Level 0.2 Spellcasting


You had 3 spell levels left.
You didn't know any spells.
Your spell library contained the following spells:

 Spells                   Type           Power      Damage    Failure   Level
 Animate Dead             Necr           0%         N/A       100%        4
 Borgnjor's Vile Clutch   Necr/Erth      0%         N/A       100%        5
 Death Channel            Necr           0%         N/A       100%        6


Dungeon Overview and Level Annotations

Branches:
Dungeon (3/15)

Altars:
Fedhas
Vehumet

Annotations:
D:3 Sigmund


Innate Abilities, Weirdness & Mutations

You have extremely sharp teeth.
Your natural rate of healing is unusually fast.
When hurt, damage is shared between your health and your magic reserves.
Your bite disrupts and absorbs the magic of your enemies.
Potions cannot restore your health.


Message History

There is a stone staircase leading up here.
You block the kobold's attack. Sigmund gestures at you while chanting.
The magic dart hits you.
You climb upwards.
There is a stone staircase leading down here.
You closely miss the kobold. Your bite misses the kobold.
You block the kobold's attack.
You hit the kobold. Your bite misses the kobold.
The kobold is severely wounded.
You block the kobold's attack. The kobold closely misses you.
You closely miss the kobold.
The kobold is severely wounded.
The kobold hits you with a +0 club.
You closely miss the kobold. You bite the kobold.
You kill the kobold!
Things that are here:
a +0 club; a kobold corpse You start resting.
Magic restored.
Things that are here:
a +0 club; a kobold corpse
There is a stone staircase leading down here.
You feel very mighty all of a sudden.
You climb downwards.
Level annotation: Sigmund
There is a stone staircase leading up here.
Sigmund hits you but does no damage.
A kobold comes into view. It is wielding a +0 club.
The kobold shouts!
Sigmund hits you with a +2 scythe of flaming!
Sigmund burns you.
You closely miss Sigmund. Your bite misses Sigmund.
Sigmund hits you with a +2 scythe of flaming!
Sigmund burns you.
* * * LOW HITPOINT WARNING * * *
Sigmund hits you with a +2 scythe of flaming.
* * * LOW HITPOINT WARNING * * *
Sigmund burns you.
You die...

.. .. .# ... .# ..#
.#...#. #####
#####.....w.
......##...?....... .#
#......####w..K.####.
#.####.#####........
#.#.##.##@@w.......# #
#.<.......##.......#.#
#.#.##<#####.........##
#.#.##.................
.......#####...<...#
≈≈≈|.#### #...........
≈§≈≈≈.# ##.###.##...
..._≈≈.# #. .# #
.≈≈≈≈§≈.. . #


You could see Sigmund, a worm and a kobold.

Vanquished Creatures
  A hound skeleton (D:2)
  A gnoll (D:1)
  3 adders (D:2)
  2 dart slugs (D:1)
  5 ball pythons
  8 endoplasms
  3 giant cockroaches
  3 hobgoblins
  2 jackals (D:1)
  6 kobolds
  3 quokkas
  3 bats
  5 frilled lizards (D:1)
  2 goblins
  A rat (D:1)
48 creatures vanquished.

Notes
Turn   | Place    | Note
-------+----------+-------------------------------------------
     0 | D:1      | Wyvernaa the Vine Stalker Fighter began the quest for the
                  | Orb.
     0 | D:1      | Reached XP level 1. HP: 11/11 MP: 2/2
   237 | D:1      | Reached XP level 2. HP: 10/16 MP: 3/3
   512 | D:1      | Reached XP level 3. HP: 17/20 MP: 4/4
   616 | D:1      | Identified a scroll of acquirement
   616 | D:1      | Acquired a +2 pair of gloves of archery
   991 | D:2      | Found a radiant altar of Vehumet.
  1114 | D:2      | Gained mutation: Your natural rate of healing is unusually
                  | fast. [Vine Stalker growth]
  1114 | D:2      | Reached XP level 4. HP: 24/24 MP: 5/5
  1626 | D:3      | Found a blossoming altar of Fedhas.
  1637 | D:3      | Noticed Sigmund
  2080 | D:3      | Slain by Sigmund

Illustrated notes

Levels and vault maps discovered:
D:1:      lightli_arrival_isolated_outpost, layout_basic
D:2:      layout_loops_ring, basic_altar, minmay_pentomino_o4
D:3:      layout_loops_cross, mainiacjoe_overflow_catwalk, minmay_lizard_king,
          uniq_sigmund

Skill      XL: |  1  2  3 |
---------------+----------+-----
Shields        | 3 |  3.5
Fighting       | 3 |  3.1
Short Blades   | 2 |  2.7
Armour         | |  2.9
Dodging        | |  0.1
Spellcasting   | |  0.2

Action                   |  1- 3 |  4- 6 || total
-------------------------+-------+-------++-------
Melee: Rapier            |    96 |    36 ||   132
       Bite              |    28 |     7 ||    35
  Use: Scroll            |     5 |     2 ||     7
       Potion            |       |     1 ||     1
Armor: Scale mail        |    43 |    13 ||    56
Dodge: Dodged            |    27 |     7 ||    34
Block: Kite shield       |    45 |    17 ||    62

Table legend: (Time is in decaauts)
 A = Elapsed time spent in this place.
 B = Non-inter-level travel time spent in this place.
 C = Inter-level travel time spent in this place.
 D = Time resting spent in this place.
 E = Time spent auto-exploring this place.
 F = Levels seen in this place.
 G = Mean time per level.
                   A        B        C        D        E       F      G
               +--------+--------+--------+--------+--------+-----+--------+
         Total |   2130 |   2100 |     30 |    501 |   1053 |   3 |  710.0 |
       Dungeon |   2130 |   2100 |     30 |    501 |   1053 |   3 |  710.0 |
               +--------+--------+--------+--------+--------+-----+--------+

Top non-repeatable levels by time:
     D:2: 1094 daAuts
     D:1: 1003 daAuts
     D:3: 33 daAuts
